 Dungeon Crawl Stone Soup version 0.30-a0-634-g8abc85282e (webtiles) character file.

Game seed: 11385522741537473119

330 kae the Changer (level 6, 0/64 HPs)
             Began as a Demonspawn Transmuter on Jan 14, 2023.
             Splashed by a jelly's acid (5 damage)
             ... in a sewer.
             The game lasted 00:04:56 (2586 turns).

kae the Changer (Demonspawn Transmuter)             Turns: 2586, Time: 00:04:57

Health: 0/64       AC: 22    Str: 11    XL:     6   Next: 26%
Magic:  10/10      EV:  2    Int: 18    God:
Gold:   162        SH:  4    Dex: 13    Spells: 1/11 levels left

rFire   . . .      SeeInvis .    e - +2 mace (protect)
rCold   . . .      Faith    .    (no shield)
rNeg    . . .      Spirit   .    (body armour currently unavailable)
rPois   +          Reflect  .    (helmet currently unavailable)
rElec   .          Harm     .    (cloak currently unavailable)
rCorr   .          Rampage  .    (gloves currently unavailable)
Will    .....      NoTele   +    (boots currently unavailable)
Stlth   +                        i - amulet of magic regeneration
HPRegen 0.30/turn                (no ring)
MPRegen 0.52/turn                (no ring)

@: tree-form, corroded, under a protective aura
A: stationary, stasis, torment immunity, boosted hp, big brain 1, condensation
shield
a: no special abilities


You were in a sewer.
You were a tree.
You visited 1 branch of the dungeon, and saw 3 of its levels.
You also visited: Sewer.

You collected 162 gold pieces.


Innate Abilities, Weirdness & Mutations

You are a tree.
Your roots penetrate the ground, keeping you stationary.
You cannot be teleported.
You are immune to unholy pain and torment.
Your maximum health is greatly increased.
Your equipment is partially melded.
You have an unusually large brain. (Int +2)
A meltable shield of frost defends you. (SH +4)


   Skills:
 - Level 1.0 Fighting
 - Level 1.7 Dodging
 + Level 3.7 Unarmed Combat
 + Level 3.2 Spellcasting
 * Level 4.2 Transmutations
 * Level 0.6 Ice Magic
 - Level 1.6 Poison Magic


You had one spell level left.
You knew the following spells:

 Your Spells              Type           Power      Damage    Failure   Level
a - Beastly Appendage     Tmut           36%        N/A       2%          1
b - Wereblood             Tmut           18%        N/A       4%          2
c - Spider Form           Tmut/Pois      13%        N/A       14%         3
d - Ice Form              Ice/Tmut       11%        N/A       50%         4

Your spell library contained the following spells:

 Spells                   Type           Power      Damage    Failure   Level
 Magic Dart               Conj           8%         1d3       16%         1
 Searing Ray              Conj           4%         2d4       24%         2
 Fulminant Prism          Conj/Hex       1%         3d5       85%         4

Inventory:

Hand Weapons
 e - a +2 mace of protection (weapon)
   (You found it on level 1 of the Dungeon)
Missiles
 f - 20 stones
Armour
 a - a +0 robe (melded)
Jewellery
 i - an amulet of magic regeneration (around neck)
   (You found it on level 1 of the Dungeon)
Scrolls
 g - a scroll of teleportation {@r4}
 l - a scroll of fear
Potions
 c - a potion of experience {unknown}
 d - a potion of degeneration {unknown}
 h - a potion of flight
 j - a potion of invisibility
 k - 2 potions of ambrosia

Dungeon Overview and Level Annotations

Branches:
Dungeon (3/15) Zot: 15657   Sewer (1/1) Zot: 5650

Altars:
Yredelemnul

~.. #~~ ###.~##
.~~~.## ~~~..#
########### #. #~~~#
#~..~...~.~ #.~##
#.~#### #..~.~..~..
#.~#.
#†♣J.~###..######## .
#~~.. ##..~...##.~#
.~##..~##~.~##..##~.#
.~.~~~~#.~~##
~##..########
#.....~..~##
##....~..†.~
#~...~.~##
#.......†..
###.~††~~##
###########
#~.~~.~..## #
#~..###..~~# #


You could see a jelly.


Message History

The giant cockroach splashes around in the water.
The giant cockroach closely misses you. 😎 MP[+1]
You hit the giant cockroach.
The giant cockroach is poisoned.
You kill the giant cockroach!
An endoplasm comes into view.
An endoplasm comes into view. 😎 MP[+1]
Your mp is fully restored (10).
You enter the shallow water.
Moving in this stuff is going to be slow.
The endoplasm freezes you.
You are frozen.
You bite the endoplasm!
You kill the endoplasm!
An endoplasm is nearby!
A jelly comes into view.
The endoplasm freezes you.
You are frozen.
The jelly quivers.
You hit the endoplasm but do no damage. 😕 HP[-1]
You take 1 damage, and now have 42/43 hp.
There are monsters nearby!
You bite the endoplasm!
You kill the endoplasm!
You hit the jelly.
Your front pincers burn!
The jelly hits you. The acid corrodes you!
You are splashed with acid. 😕 HP[-9]
You take 9 damage, and now have 33/43 hp.
MASSIVE DAMAGE!! (PAUSE)
You hit the jelly.
Your front pincers burn!
The jelly closely misses you. 😮 HP[-1]
You take 1 damage, and now have 32/43 hp.
Unknown command.
You hit the jelly.
Your front pincers burn!
The jelly misses you. 😮 HP[-4]
You take 4 damage, and now have 28/43 hp.
Unknown command.
You hit the jelly but do no damage.
Your front pincers burn!
The jelly hits you.
You are splashed with acid!
* * * LOW HITPOINT WARNING * * *
😨 HP[-9]
You take 9 damage, and now have 19/43 hp.
MASSIVE DAMAGE!! (PAUSE)
You completely miss the jelly.
Unknown command.
You hit the jelly but do no damage.
Your front pincers burn!
* * * LOW HITPOINT WARNING * * *
Your transformation is almost over.
The jelly barely misses you. 😨 HP[-3]
You take 3 damage, and now have 16/43 hp.
You hit the jelly but do no damage.
Your front pincers burn!
* * * LOW HITPOINT WARNING * * *
The jelly misses you. 😨 HP[-3]
You take 3 damage, and now have 13/43 hp.
Unknown command.
You hit the jelly but do no damage. The acid corrodes you!
Your front pincers burn!
* * * LOW HITPOINT WARNING * * *
The jelly completely misses you. 😱 HP[-4]
You take 4 damage, and now have 9/43 hp.
Unknown command.
You completely miss the jelly. The jelly barely misses you.
Really quaff
b - a potion of lignification {!q}?
Really quaff the potion of lignification?
Your transformation has ended.
Your +2 mace of protection unmelds from your body.
Your +0 robe unmelds from your body.
Your +2 mace of protection hums with potential!
You turn into a tree.
Your +0 robe melds into your body.
Your roots penetrate the ground.
The jelly hits you but does no damage. 😱 HP[+5]
You now have 64 max hp (+21).
You regained 5 hp, and now have 14/64 hp.
A jelly is nearby!
A jelly is nearby!
You hit the jelly.
Your weapon exudes an aura of protection.
Your branches burn!
* * * LOW HITPOINT WARNING * * *
The jelly hits you but does no damage. You block the jelly's attack. 😱 HP[-4]
You take 4 damage, and now have 10/64 hp.
You hit the jelly but do no damage. The acid corrodes you!
Your branches burn!
* * * LOW HITPOINT WARNING * * *
The jelly hits you but does no damage. 😱 HP[-4]
You take 4 damage, and now have 6/64 hp.
Unknown command.
You hit the jelly.
Your branches burn!
* * * LOW HITPOINT WARNING * * *
You block the jelly's attack. 😱 HP[-1]
You take 1 damage, and now have 5/64 hp.
You hit the jelly.
Your branches burn!
You die...

Skill      XL: |  1  2  3  4  5 |
---------------+----------------+-----
Transmutations | 2 3 4 |  4.2
Unarmed Combat | 3 |  3.7
Poison Magic   | 1 |  1.6
Spellcasting   | 3 |  3.2
Fighting       | |  1.0
Dodging        | |  1.7
Ice Magic      | |  0.6

Action                   |  1- 3 |  4- 6 || total
-------------------------+-------+-------++-------
Melee: Mace              |   103 |   140 ||   243
       Unarmed           |    11 |    76 ||    87
       Kick              |    11 |    10 ||    21
       Headbutt          |     3 |     8 ||    11
       Punch             |     1 |     3 ||     4
 Cast: Beastly Appendage |    15 |    12 ||    27
       Wereblood         |     2 |     5 ||     7
       Spider Form       |     1 |     7 ||     8
  Use: Scroll            |     1 |     8 ||     9
       Potion            |       |     4 ||     4
Armor: Robe              |    50 |    61 ||   111
       Skin              |       |   106 ||   106
Dodge: Dodged            |   100 |   182 ||   282
Block: Other             |       |    46 ||    46

Levels and vault maps discovered:
D:1:      roderic_chinese_lattice_arrival, layout_basic, minmay_misc_feat_rows
D:2:      layout_basic, minmay_hexomino_c4, uniq_robin
D:3:      layout_loops_corners, nicolae_yredelemnul_corpse_copse,
          lemuel_tele_altar, hellmonk_ecumenical_altar_prayer_group,
          serial_shops, shop, serial_undead, serial_undead_d, serial_undead_f,
          serial_undead_b, serial_undead_d, serial_undead_c, serial_undead_f,
          gup_sewer_entry_glass
Sewer:    sewer_hellmonk_slimy_pipes

Notes
Turn   | Place    | Note
-------+----------+-------------------------------------------
     0 | D:1      | kae the Demonspawn Transmuter began the quest for the Orb.
     0 | D:1      | Reached XP level 1. HP: 15/15 MP: 3/3
     0 | D:1      | magus.rc [v1.11.3]
    22 | D:1      | You pick up a book of Conjurations and begin reading...
    22 | D:1      | You add the spells Magic Dart, Searing Ray and Fulminant
                  | Prism to your library.
   129 | D:1      | Reached skill level 2 in Transmutations
   300 | D:1      | Gained mutation: You have an unusually large brain. (Int
                  | +2) [demonic ancestry]
   300 | D:1      | Reached XP level 2. HP: 17/21 MP: 3/5
   672 | D:2      | Reached skill level 3 in Unarmed Combat
   727 | D:2      | Reached XP level 3. HP: 13/26 MP: 6/6
   742 | D:2      | Learned a level 2 spell: Wereblood
   746 | D:2      | Learned a level 3 spell: Spider Form
   859 | D:2      | Noticed Robin
   948 | D:2      | Killed Robin
  1031 | D:2      | Reached skill level 1 in Poison Magic
  1031 | D:2      | Reached XP level 4. HP: 32/32 MP: 7/7
  1033 | D:2      | Reached skill level 3 in Transmutations
  1628 | D:3      | Gained mutation: A meltable shield of frost defends you.
                  | (SH +4) [demonic ancestry]
  1628 | D:3      | Reached XP level 5. HP: 37/37 MP: 9/9
  1817 | D:3      | Reached skill level 3 in Spellcasting
  1966 | D:3      | Found a basalt altar of Yredelemnul.
  2071 | D:3      | Found a faded altar of an unknown god.
  2209 | D:3      | Reached skill level 4 in Transmutations
  2211 | D:3      | Found a glowing drain.
  2237 | D:3      | Reached XP level 6. HP: 43/43 MP: 10/10
  2249 | Sewer    | Entered a sewer
  2278 | Sewer    | Learned a level 4 spell: Ice Form
  2306 | Sewer    | HP: 8/43 [river rat (5)]
  2323 | Sewer    | HP: 9/43 [frozen (5)]
  2580 | Sewer    | HP: 8/43 [acid (5)]
  2585 | Sewer    | HP: 5/64 [acid (1)]
  2586 | Sewer    | Splashed by a jelly's acid

Vanquished Creatures
  An orc priest (D:3)
  2 scorpion zombies (D:3)
  A hound zombie (D:3)
  A hound skeleton (D:3)
  A howler monkey zombie (D:3)
  Robin (D:2)
  6 adders
  2 river rats (Sewer)
  An adder zombie (D:3)
  4 adder skeletons (D:3)
  4 dart slugs
  7 orcs (D:3)
  5 bats
  10 endoplasms
  10 giant cockroaches
  11 goblins
  8 hobgoblins
  A quokka (D:2)
  8 ball pythons
  A ball python zombie (D:3)
  3 frilled lizards
  A giant cockroach zombie (D:3)
  9 kobolds
  A quokka zombie (D:3)
  5 rats
104 creatures vanquished.

Vanquished Creatures (others)
  4 withered plants (D:3)
4 creatures vanquished.

Grand Total: 108 creatures vanquished

Table legend:
 A = Non-vault XP
 B = Vault XP
 C = Vault XP percentage of total XP
 D = Non-vault monster count
 E = Vault monster count
 F = Vault count percentage of total count
                 A         B        C        D         E       F
            +---------+---------+-------+---------+---------+-------
      Total |     155 |     317 |  67.2 |      48 |      56 |  53.8
            +---------+---------+-------+---------+---------+-------
        D:1 |      26 |       2 |   7.1 |      16 |       1 |   5.9
        D:2 |      55 |      50 |  47.6 |      17 |      17 |  50.0
        D:3 |      74 |     191 |  72.1 |      15 |      20 |  57.1
      Sewer |       0 |      74 | 100.0 |       0 |      18 | 100.0
            +---------+---------+-------+---------+---------+-------

Illustrated notes

Table legend:
 A = Kills in this place as a percentage of kills in entire the game.
 B = Kills by you in this place as a percentage of kills by you in the entire game.
 C = Kills by friends in this place as a percentage of kills by friends in the entire game.
 D = Other kills in this place as a percentage of other kills in the entire game.
 E = Experience gained in this place as a percentage of experience gained in the entire game.
 F = Experience gained in this place divided by the number of levels of this place that you have seen.
                   A       B       C       D       E      F
               +-------+-------+-------+-------+-------+----------------------
         Total | 100.0 | 100.0 |   N/A |   N/A | 100.0 | 118.0
       Dungeon |  82.7 |  82.7 |   N/A |   N/A |  84.3 | 132.7
         Sewer |  17.3 |  17.3 |   N/A |   N/A |  15.7 |  74.0
               +-------+-------+-------+-------+-------+----------------------

Table legend: (Time is in decaauts)
 A = Elapsed time spent in this place.
 B = Non-inter-level travel time spent in this place.
 C = Inter-level travel time spent in this place.
 D = Time resting spent in this place.
 E = Time spent auto-exploring this place.
 F = Levels seen in this place.
 G = Mean time per level.
                   A        B        C        D        E       F      G
               +--------+--------+--------+--------+--------+-----+--------+
         Total |   2691 |   2641 |     50 |     49 |   1640 |   4 |  672.8 |
       Dungeon |   2342 |   2292 |     50 |     49 |   1439 |   3 |  780.7 |
         Sewer |    349 |    349 |      0 |      0 |    201 |   1 |  349.0 |
               +--------+--------+--------+--------+--------+-----+--------+

Top non-repeatable levels by time:
     D:2: 887 daAuts
     D:3: 743 daAuts
     D:1: 710 daAuts
   Sewer: 349 daAuts
